Map: Frozen Temple

Players

BichonCruel

  • Race: Terran Terran
  • League: Platinum

blackxored - Winner!

  • Race: Zerg Zerg
  • League: Diamond

VOD

Have the link to the VOD?

Description

Time

  • Played on: July 3, 2016, 5:21 a.m.
  • Length: 20:42
Show
View Real Time Build Order
Export as new Build Order

BichonCruel Terran 

Build Orders: Bio Tank 

Get SALT Encoding   

  12  0:01  SCV  
  13  0:13  SCV  
  14  0:18  Supply Depot  
  14  0:25  SCV  
  15  0:30  Refinery  
  15  0:45  Barracks  
  15  0:49  SCV  
  16  1:01  SCV  
  17  1:13  SCV  
  18  1:26  SCV  
  19  1:38  SCV  
  20  1:40  Reaper  
  20  1:45  Command Center  
  21  1:55  Orbital Command  
  21  2:12  Factory  
  21  2:22  Barracks Reactor  
  21  2:23  SCV  
  21  2:28  Barracks  
  22  2:32  Refinery  
  22  2:44  Supply Depot  
  23  2:51  SCV  
  23  3:13  Marine  
  23  3:14  Marine  
  23  3:16  Factory Tech Lab  
  23  3:17  Starport  
  25  3:20  SCV x2  
  25  3:23  Barracks Tech Lab  
  27  3:30  Barracks  
  27  3:32  SCV  
  28  3:41  SCV  
  28  3:42  Marine x2  
  28  3:45  SCV  
  32  3:54  Orbital Command  
  32  3:59  Marine  
  32  4:00  Starport Reactor, Marine  
  34  4:04  Siege Tank  
  34  4:07  SCV  
  38  4:18  Marine x2  
  38  4:19  SCV  
  38  4:20  Barracks Tech Lab  
  41  4:26  Stimpack  
  41  4:28  Marine  
  42  4:34  SCV x2  
  42  4:36  Marine  
  45  4:46  SCV  
  45  4:47  Refinery  
  45  4:50  Refinery  
  46  4:57  Supply Depot  
  46  4:58  Supply Depot  
  46  5:04  Combat Shields  
  46  5:10  Engineering Bay  
  46  5:19  Marine x3, Medivac, Marauder, SCV x2  
  55  5:22  Siege Tank  
  55  5:24  Medivac  
  60  5:31  SCV x2  
  60  5:35  Supply Depot  
  62  5:44  Marine x3, Marauder, SCV  
  62  5:45  Supply Depot  
  62  5:46  SCV  
  69  5:52  Terran Infantry Weapons Level 1  
  69  5:56  SCV  
  70  5:57  Supply Depot  
  70  6:01  Marine  
  71  6:05  Marine  
  71  6:06  Marine, Marauder  
  71  6:08  SCV  
  71  6:09  SCV  
  77  6:24  Marauder  
  77  6:25  Marine x2  
  80  6:27  Marauder  
  83  6:43  Marine  
  83  6:45  Marine, Marauder  
  87  6:49  Marauder  
  89  7:01  Marine  
  90  7:03  Marine  
  90  7:07  Marauder  
  93  7:18  Marine  
  94  7:28  Marine  
  94  7:29  Marauder x2, Siege Tank  
  102  7:36  Marine  
  103  7:37  Command Center  
  103  7:39  SCV  
  103  7:42  SCV  
  105  7:46  Marine  
  105  7:50  Marauder x2  
  110  8:15  Factory  
  110  8:18  Barracks  
  110  8:34  SCV  
  110  8:40  Marine x2  
  110  8:41  Medivac x2, Marauder x2  
  70  8:57  Marine  
  70  8:58  Marine  
  70  9:01  Orbital Command  
  69  9:02  Marauder x2  
  69  9:05  Barracks Reactor  
  69  9:07  Concussive Shells  
  69  9:08  Factory Tech Lab  
  69  9:11  Medivac  
  69  9:15  Marine  
  69  9:16  Marine  
  73  9:17  Liberator  
  73  9:20  Orbital Command  
  73  9:23  Marine, Barracks  
  73  9:24  Barracks, Marauder, Liberator  
  76  9:25  SCV x2  
  76  9:29  Supply Depot, Terran Infantry Armor Level 1  
  78  9:33  Marine x2  
  78  9:37  SCV  
  84  9:40  Marine  
  84  9:41  Marine  
  84  9:42  Marauder  
  84  9:45  Marauder  
  93  9:51  Marine x2, Siege Tank  
  98  9:53  Supply Depot  
  98  9:58  Marine x2  
  100  10:03  Marauder  
  100  10:06  Marine  
  103  10:09  Marine x2  
  103  10:13  SCV x3  
  108  10:14  Supply Depot  
  108  10:16  Supply Depot, Marine x2  
  110  10:23  Siege Tank  
  110  10:24  Marauder, Siege Tank  
  110  10:25  SCV x3  
  110  10:26  Marine x2  
  110  10:28  Marine  
  123  10:32  Barracks Tech Lab x2  
  123  10:35  Barracks Reactor  
  124  10:37  SCV x3  
  127  10:45  Marauder  
  127  10:46  Marauder  
  131  10:55  Siege Tank  
  131  10:56  Siege Tank  
  125  10:59  Marine x3  
  125  11:00  Marine, Marauder  
  125  11:01  Liberator  
  125  11:02  SCV x2  
  125  11:06  Marauder  
  125  11:07  Marauder  
  125  11:10  Missile Turret  
  129  11:13  SCV  
  129  11:14  Marine x2, SCV x2  
  129  11:17  Marine x4  
  141  11:21  Marauder  
  141  11:25  SCV  
  144  11:26  SCV x2  
  144  11:27  Marauder  
  144  11:28  Marine  
  144  11:30  Missile Turret  
  144  11:32  Marine x2  
  151  11:35  Marine, Missile Turret x2  
  151  11:37  SCV, Missile Turret  
  151  11:38  SCV  
  154  11:47  Marine x3, Marauder  
  154  11:48  Marauder  
  154  11:49  Marauder  
  154  11:50  Marine  
  154  11:54  Missile Turret  
  164  11:57  Armory  
  164  11:58  SCV  
  165  12:06  Refinery  
  165  12:07  Refinery  
  165  12:21  Marine x2, Medivac x2, SCV  
  172  12:25  Marine x4  
  172  12:26  Supply Depot, Marine x3  
  179  12:38  Marine  
  162  12:48  Supply Depot  
  162  12:51  Medivac x2  
  105  12:53  Marine x3, Marauder  
  105  12:54  Marine x2, Marauder x2  
  105  12:56  Marine  
  93  13:04  Orbital Command  
  90  13:15  Marauder x2  
  94  13:20  SCV  
  94  13:21  Viking, SCV  
  94  13:25  Missile Turret  
  98  13:33  SCV  
  87  13:45  SCV  
  84  14:11  Command Center  
  84  14:23  Marine x3  
  87  14:33  Marine  
  87  14:34  Marine x2, Marauder  
  87  15:07  Marine  
  87  15:08  Marine x4, Marauder x3  
  96  15:27  Orbital Command  
  96  15:38  Marine  
  96  15:39  Marine  
  96  15:40  SCV  
  99  15:52  SCV  
  100  15:58  SCV  
  100  16:01  Marine  
  102  16:04  SCV  
  102  16:09  Terran Infantry Weapons Level 2  
  102  16:10  SCV  
  104  16:16  SCV  
  105  16:34  Missile Turret  
  105  16:47  Marine x2  
  105  16:48  Marine, Marauder x2  
  105  16:49  Viking x2  
  116  17:01  Marine x2  
  116  17:02  Marine, Marauder  
  116  17:07  Orbital Command  
  107  17:42  SCV  
  108  17:54  SCV  
  109  18:06  SCV  
  110  18:18  SCV  
  108  18:30  SCV  
  108  18:32  Viking x2  
  110  19:02  Viking x2  
Show
View Real Time Build Order
Export as new Build Order

blackxored Zerg - Winner!

Build Orders: Hatch First 

Get SALT Encoding   

  12  0:01  Drone  
  13  0:08  Drone  
  14  0:19  Overlord  
  14  0:24  Extractor  
  14  0:25  Drone  
  15  0:39  Drone x2  
  17  0:53  Hatchery  
  16  0:57  Drone  
  16  0:59  Drone  
  18  1:11  Extractor  
  18  1:17  Spawning Pool  
  16  1:18  Drone  
  16  1:20  Drone  
  18  1:27  Drone  
  19  1:39  Overlord  
  19  1:49  Drone  
  20  2:03  Queen  
  20  2:05  Zergling x2, Queen  
  20  2:06  Zergling x2  
  26  2:10  Zergling x2  
  27  2:15  Metabolic Boost  
  27  2:32  Hatchery  
  27  2:33  Overlord  
  27  2:37  Drone  
  27  2:41  Drone  
  28  2:44  Drone  
  29  3:00  Drone x5  
  34  3:06  Pneumatized Carapace  
  34  3:17  Drone  
  34  3:18  Drone x3  
  38  3:22  Overlord  
  38  3:32  Zergling x4  
  40  3:47  Drone x2  
  40  3:48  Drone x6  
  47  3:51  Queen  
  50  4:03  Overlord  
  50  4:08  Queen  
  50  4:09  Queen  
  54  4:26  Drone  
  54  4:27  Baneling Nest, Zergling x2, Queen  
  54  4:28  Zergling x16  
  54  4:29  Overlord  
  65  4:33  Overlord  
  65  4:47  Queen x2  
  69  4:53  Zergling x12  
  69  4:54  Zergling x4  
  77  5:09  Drone x3  
  77  5:11  Drone  
  77  5:12  Drone  
  82  5:14  Overlord  
  82  5:15  Overlord x2  
  82  5:33  Baneling x9  
  82  5:35  Drone x4  
  82  5:36  Drone x4  
  82  5:41  Hatchery  
  89  5:49  Hatchery  
  88  5:56  Drone x6  
  94  6:00  Extractor  
  94  6:01  Extractor  
  94  6:02  Extractor, Drone x2  
  94  6:03  Extractor  
  93  6:11  Drone x3  
  93  6:13  Extractor  
  93  6:15  Drone  
  93  6:16  Drone x3  
  93  6:18  Lair  
  98  6:21  Zergling x2  
  98  6:22  Zergling x2  
  99  6:29  Baneling x9  
  97  6:54  Evolution Chamber  
  97  6:58  Evolution Chamber  
  92  7:16  Zergling x46  
  115  7:23  Centrifical Hooks  
  115  7:25  Zerg Ground Armor Level 1  
  115  7:26  Zerg Melee Weapons Level 1  
  115  7:27  Overseer  
  115  7:29  Drone x3  
  118  7:32  Overlord x3  
  118  7:53  Spire, Drone  
  118  7:55  Drone x3  
  118  7:56  Zergling x2  
  118  7:57  Zergling x20  
  132  7:59  Baneling x11  
  132  8:00  Baneling  
  132  8:02  Baneling  
  132  8:09  Drone x10  
  142  8:13  Overlord x2  
  142  8:25  Overlord x3  
  142  8:31  Queen  
  142  8:33  Zergling x12  
  133  8:45  Zergling x10  
  117  8:55  Zergling x24  
  120  9:01  Baneling x9  
  120  9:02  Baneling x10  
  119  9:05  Zergling x10  
  124  9:10  Drone x3  
  124  9:14  Drone  
  124  9:15  Drone x3  
  131  9:18  Zerg Flyer Weapons Level 1  
  131  9:22  Drone x2  
  131  9:23  Extractor, Drone x2  
  134  9:24  Extractor  
  134  9:26  Drone  
  134  9:27  Drone  
  135  9:32  Hatchery  
  135  9:36  Zergling x10  
  139  9:51  Drone x2  
  141  9:53  Zergling x24  
  141  9:55  Baneling x5  
  141  9:56  Baneling x4  
  141  9:57  Baneling x3  
  153  10:00  Overlord x3  
  153  10:03  Zerg Melee Weapons Level 2  
  153  10:04  Zerg Ground Armor Level 2  
  153  10:08  Overseer  
  153  10:09  Infestation Pit, Mutalisk x5  
  153  10:10  Mutalisk x2  
  166  10:34  Zergling x2  
  166  10:35  Zergling x38  
  186  10:56  Zergling x2  
  189  10:57  Zergling x28  
  189  11:02  Mutalisk  
  189  11:03  Mutalisk  
  200  11:10  Hive  
  200  11:31  Overseer  
  200  12:06  Spore Crawler  
  200  12:08  Extractor  
  198  12:09  Drone x2  
  198  12:10  Extractor  
  199  12:21  Hatchery  
  165  12:51  Zergling x30  
  148  12:52  Zergling x32  
  148  12:56  Ultralisk Cavern, Adrenal Glands, Zerg Ground Armor Level 3  
  173  13:01  Zergling x8  
  173  13:02  Zergling x42  
  195  13:06  Overlord x2  
  195  13:07  Overlord x2  
  194  13:18  Baneling  
  194  13:19  Baneling x14  
  194  13:21  Baneling  
  171  13:45  Chitinous Plating  
  171  13:47  Ultralisk x4  
  185  14:07  Ultralisk x2  
  197  14:10  Greater Spire  
  197  14:47  Extractor, Hatchery  
  197  14:50  Extractor  
  194  14:54  Extractor  
  194  14:55  Extractor  
  166  15:10  Corruptor x26  
  195  15:36  Zerg Melee Weapons Level 3  
  195  16:04  Overseer x3  
  141  17:36  Brood Lord x4  
  141  17:37  Brood Lord x3  
  153  17:38  Brood Lord  
  147  17:50  Ultralisk x3  
  147  17:51  Ultralisk x6  
  199  18:01  Drone  
  185  20:01  Overlord x4  
  185  20:02  Overlord x2  
Tags
 
Add a new tag
Caveats
  • Supply blocks, unpowered buildings, or Contaminate may cause inaccurate times.
  • Supply counts are checked every 10 seconds.